 Dungeon Crawl Stone Soup version 0.24-a0-459-g225fefd530 (webtiles) character file.

Game seed: 10871812521196298901

16720 Kohma the Grappler (level 12, 0/124 HPs)
             Began as a Troll Monk on June 30, 2019.
             Was a High Priest of Wu Jian.
             Slain by a wolf (8 damage)
             ... on level 2 of the Lair of Beasts.
             The game lasted 00:39:42 (11060 turns).

Kohma the Grappler (Troll Monk)                    Turns: 11060, Time: 00:39:42

Health: 0/124      AC:  7    Str: 25    XL:     12   Next: 12%
Magic:  15/15      EV: 10    Int:  6    God:    Wu Jian [*****.]
Gold:   612        SH:  0    Dex: 13    Spells: 15/17 levels left

rFire    . . .     SeeInvis .     - Unarmed
rCold    + . .     Gourm    +   (no shield)
rNeg     . . .     Faith    +   a - +1 robe
rPois    .         Spirit   .   (helmet restricted)
rElec    .         Reflect  .   (no cloak)
rCorr    .         Harm     .   (gloves unavailable)
MR       +....                  (boots unavailable)
Stlth    ++........             i - amulet of faith
HPRegen  0.70/turn              I - ring of protection from cold
MPRegen  0.14/turn              x - ring of protection from magic

@: no status effects
A: large, unfitting armour, claws 3, fast metabolism 3, gourmand, regeneration
1, shaggy fur 1, tough skin 3
a: Wall Jump, Serpent's Lash, Heavenly Storm, Renounce Religion


You were on level 2 of the Lair of Beasts.
You worshipped Wu Jian.
Wu Jian was extremely pleased with you.
You were full.

You visited 3 branches of the dungeon, and saw 14 of its levels.

You collected 612 gold pieces.

Inventory:

Hand Weapons
 A - a +1 whip of freezing
 E - a +1 whip of venom
Missiles
 e - 387 stones
 k - 2 throwing nets
 p - 2 silver boomerangs
 O - 33 poisoned darts (quivered)
Armour
 a - a +1 robe (worn)
Jewellery
 i - an amulet of faith (around neck)
 n - an uncursed ring of flight
 x - a ring of protection from magic (right claw)
 D - a +5 ring of intelligence
 I - a ring of protection from cold (left claw)
Wands
 g - a wand of clouds (5)
 H - a wand of random effects (59)
 J - a wand of acid (6)
 K - a wand of iceblast (6)
 P - a wand of disintegration (11)
Scrolls
 d - 4 scrolls of remove curse
 h - 3 scrolls of amnesia
 j - 6 scrolls of fear
 l - 8 scrolls of teleportation
 o - 2 scrolls of magic mapping
 q - a scroll of immolation
 u - 2 scrolls of enchant armour
 y - 2 scrolls of fog
 C - 3 scrolls of identify
 M - a scroll of holy word
 N - 2 scrolls of enchant weapon
Potions
 c - 3 potions of flight
 f - 2 potions of cancellation
 m - 3 potions of curing
 r - 2 potions of haste
 s - 2 potions of agility
 t - a potion of resistance
 v - 2 potions of heal wounds
 z - 2 potions of might
 B - 4 potions of ambrosia
 F - 3 potions of mutation
 G - 2 potions of lignification
 L - 3 potions of brilliance
Comestibles
 b - 26 rations


   Skills:
 + Level 9.4 Fighting
 - Level 2.4 Dodging
 - Level 1.0 Stealth
 * Level 14.7 Unarmed Combat
 - Level 3.0 Spellcasting
 + Level 4.3 Translocations


You had 15 spell levels left.
You knew the following spells:

 Your Spells              Type           Power        Failure   Level  Hunger
a - Blink                 Tloc           N/A          10%         2    ###....

Your spell library contained the following spells:

 Spells                   Type           Power        Failure   Level  Hunger
 Corona                   Hex            #......      36%         1    ##.....
 Magic Dart               Conj           #...         36%         1    ##.....
 Call Imp                 Summ           #.......     50%         2    ###....
 Ensorcelled Hibernation  Hex/Ice        #.....       50%         2    ###....
 Slow                     Hex            #.......     50%         2    ###....
 Confuse                  Hex            #.......     73%         3    ####...
 Conjure Flame            Conj/Fire      #.......     73%         3    ####...
 Dazzling Spray           Conj/Hex       #.....       73%         3    ####...
 Mephitic Cloud           Conj/Pois/Air  #.......     73%         3    ####...
 Tukima's Dance           Hex            #.......     73%         3    ####...


Dungeon Overview and Level Annotations

Branches:
Dungeon (11/15)            Temple (1/1) D:5            Lair (2/6) D:9
  Snake (0/4) Lair:2          Orc (0/2) D:10
  Swamp: Lair:2-4    Shoals: Lair:2-4

Altars:
Ashenzari
Cheibriados
Dithmenos
Elyvilon
Fedhas
Gozag
Hepliaklqana
Kikubaaqudgha
Makhleb
Nemelex Xobeh
Okawaru
Qazlal
Ru
Sif Muna
Trog
Uskayaw
Vehumet
Wu Jian
Xom
Yredelemnul
Zin
The Shining One
Lugonu

Shops:
D:8 *


Innate Abilities, Weirdness & Mutations

You are too large for most types of armour.
You have claws for hands.
Your metabolism is lightning-fast.
You like to eat raw meat.
Your natural rate of healing is unusually fast.
You are covered in fur. (AC +1)
You have extremely tough skin. (AC +3)


Message History

The wolf is almost dead.
The wolf bites you but does no damage. The eight-headed hydra bites you.
The eight-headed hydra bites you! The eight-headed hydra bites you.
The eight-headed hydra bites you!
* * * LOW HITPOINT WARNING * * *
The eight-headed hydra bites you.
* * * LOW HITPOINT WARNING * * *
The eight-headed hydra bites you!
* * * LOW HITPOINT WARNING * * *
The eight-headed hydra bites you.
* * * LOW HITPOINT WARNING * * *
The eight-headed hydra bites you!
* * * LOW HITPOINT WARNING * * *
The wolf bites you but does no damage.
As you read the scroll of fear, it crumbles to dust.
You assume a fearsome visage.
The wolf looks frightened! x4
The eight-headed hydra looks frightened!
Cornered, the wolf turns to fight!
The wolf bites you!
You die...

#. #. #.###
######### ####
#.#.###..#.##P###.P#
#...................
#...................
#.........##.##P#PP.
#..@#..#.###########
#..h####..#
##############....#
#.##
.................##
P.#
†..........#..#..#
#.#
......h.D###.###.#
#.. #### #
###.#.##.# ### #.#
##..P## #####..# #.#
....... ##.# #.#
.......


You could see a wolf.

Vanquished Creatures
  Erolcha (D:9)
  2 hydras (Lair:2)
  3 two-headed ogres
  2 unseen horrors
  The ghost of Krouwed the Reanimator, a novice DsNe (D:6)
  A gargoyle (D:11)
  5 spiny frogs
  3 komodo dragons
  A hornet (D:8)
  Grinder (D:5)
  A vampire (D:11)
  10 yaks
  A spriggan (D:8)
  A wyvern (D:10)
  Eustachio (D:5)
  A hungry ghost (D:10)
  Menkaure (D:5)
  9 water moccasins (Lair:2)
  4 porcupines
  5 orc warriors
  3 ice beasts
  3 ogres
  2 phantoms
  2 sky beasts
  A black bear (D:8)
  A wolf (Lair:2)
  A centaur (D:9)
  A crocodile (Lair:1)
  A big kobold (D:7)
  7 bullfrogs
  11 wights
  A howler monkey (D:8)
  3 crimson imps
  A quasit (D:5)
  2 centaur zombies
  A bullfrog zombie (D:11)
  2 centaur skeletons
  6 hounds
  2 jellies
  5 orc priests
  15 orc wizards
  2 iguanas
  4 worker ants
  A hound zombie (D:5)
  A hound skeleton (D:5)
  Robin (D:2)
  20 adders
  7 gnolls
  A river rat (D:6)
  2 shadow imps (D:6)
  An adder skeleton (D:9)
  5 worms
  4 dart slugs
  8 leopard geckos
  62 orcs
  7 giant cockroaches
  14 hobgoblins
  10 jackals
  3 quokkas
  4 ball pythons
  6 bats
  4 frilled lizards
  A giant cockroach zombie (D:5)
  15 goblins
  17 kobolds
  6 rats
331 creatures vanquished.

Vanquished Creatures (collateral kills)
  2 water moccasins (Lair:1)
2 creatures vanquished.

Grand Total: 333 creatures vanquished

Notes
Turn   | Place    | Note
-------+----------+-------------------------------------------
     0 | D:1      | Kohma the Troll Monk began the quest for the Orb.
     0 | D:1      | Reached XP level 1. HP: 22/22 MP: 0/0
   179 | D:1      | Reached XP level 2. HP: 29/29 MP: 1/1
   859 | D:2      | Reached XP level 3. HP: 36/36 MP: 2/2
   882 | D:2      | Noticed Robin
   889 | D:2      | Reached skill level 4 in Unarmed Combat
  1123 | D:2      | Killed Robin
  1123 | D:2      | Reached XP level 4. HP: 45/45 MP: 3/3
  1712 | D:3      | Found a blossoming altar of Fedhas.
  1877 | D:3      | Reached skill level 5 in Unarmed Combat
  1925 | D:3      | Found a glowing silver altar of Zin.
  1951 | D:3      | Reached XP level 5. HP: 52/53 MP: 4/4
  1982 | D:3      | Found a radiant altar of Vehumet.
  2342 | D:4      | Reached XP level 6. HP: 34/62 MP: 5/5
  2420 | D:4      | Reached skill level 6 in Unarmed Combat
  2812 | D:5      | Entered Level 5 of the Dungeon
  2839 | D:5      | Noticed Grinder
  2855 | D:5      | Killed Grinder
  2855 | D:5      | Reached skill level 7 in Unarmed Combat
  2855 | D:5      | Reached XP level 7. HP: 15/71 MP: 6/6
  3128 | D:5      | Reached skill level 8 in Unarmed Combat
  3156 | D:5      | Found a staircase to the Ecumenical Temple.
  3180 | D:5      | Reached skill level 5 in Fighting
  3180 | D:5      | Reached XP level 8. HP: 80/80 MP: 7/7
  3189 | Temple   | Entered the Ecumenical Temple
  3343 | Temple   | Became a worshipper of the Wu Jian Council
  3343 | Temple   | Reached * piety under Wu Jian
  3343 | Temple   | Reached ** piety under Wu Jian
  3415 | D:5      | Found an opulent altar of Gozag.
  3422 | D:5      | Found a basalt altar of Yredelemnul.
  3427 | D:5      | Found an ancient bone altar of Kikubaaqudgha.
  3461 | D:5      | Noticed Menkaure
  3470 | D:5      | Killed Menkaure
  3580 | D:5      | Found a shimmering altar of Xom.
  3581 | D:5      | Found a hazy altar of Hepliaklqana.
  3582 | D:5      | Noticed a spectral ugly thing
  3709 | D:5      | Reached skill level 9 in Unarmed Combat
  3789 | D:5      | Found an iron altar of Okawaru.
  3859 | D:5      | Noticed Eustachio
  3883 | D:5      | Killed Eustachio
  4606 | D:6      | Found a runed translucent door.
  4608 | D:6      | Noticed Krouwed's ghost (novice DsNe)
  4723 | D:6      | Reached skill level 10 in Unarmed Combat
  4730 | D:6      | Reached XP level 9. HP: 89/89 MP: 8/8
  4877 | D:6      | Reached *** piety under Wu Jian
  4931 | D:6      | Found a stormy altar of Qazlal.
  5074 | D:6      | Found a runed translucent door.
  5125 | D:6      | Killed Krouwed's ghost
  5125 | D:6      | Reached skill level 11 in Unarmed Combat
  5398 | D:7      | Learned a level 2 spell: Blink
  5548 | D:7      | Reached **** piety under Wu Jian
  5631 | D:7      | Reached skill level 1 in Translocations
  5764 | D:7      | Found a glowing golden altar of the Shining One.
  5781 | D:7      | Found a stormy altar of Qazlal.
  5922 | D:8      | Reached skill level 1 in Spellcasting
  5922 | D:8      | Reached XP level 10. HP: 88/102 MP: 10/10
  5984 | D:8      | Found a sacrificial altar of Ru.
  5998 | D:8      | Found a snail-covered altar of Cheibriados.
  6000 | D:8      | Found a hide-covered altar of Uskayaw.
  6183 | D:8      | Found Ewosutuf's Lightly-Used Armoury.
  6231 | D:8      | You fall into a shaft and drop 1 floor!
  6282 | D:9      | Noticed Erolcha
  6648 | D:9      | Found a staircase to the Lair.
  6923 | D:9      | Reached skill level 12 in Unarmed Combat
  6971 | D:9      | Noticed a two-headed ogre
  6978 | D:9      | Killed a two-headed ogre
  7167 | D:9      | Killed Erolcha
  7438 | D:10     | Entered Level 10 of the Dungeon
  7770 | D:10     | Found a staircase to the Orcish Mines.
  7804 | D:10     | Reached ***** piety under Wu Jian
  8076 | D:10     | Killed an unseen horror
  8256 | D:10     | Noticed a two-headed ogre
  8266 | D:10     | Killed a two-headed ogre
  8266 | D:10     | Reached XP level 11. HP: 52/111 MP: 14/14
  8808 | D:11     | Reached skill level 13 in Unarmed Combat
  9098 | D:11     | Noticed a two-headed ogre
  9108 | D:11     | Killed a two-headed ogre
  9226 | D:11     | Killed an unseen horror
  9579 | Lair:1   | Entered Level 1 of the Lair of Beasts
 10158 | Lair:1   | Reached skill level 14 in Unarmed Combat
 10521 | Lair:2   | Found a staircase to the Snake Pit.
 10897 | Lair:2   | Noticed a seven-headed hydra
 10899 | Lair:2   | Noticed a four-headed hydra
 10902 | Lair:2   | Killed an eight-headed hydra
 10902 | Lair:2   | Reached XP level 12. HP: 76/123 MP: 15/15
 10904 | Lair:2   | Killed a four-headed hydra
 11030 | Lair:2   | Noticed an eight-headed hydra
 11055 | Lair:2   | HP: 5/124 [eight-headed hydra (9)]
 11060 | Lair:2   | Slain by a wolf

Levels and vault maps discovered:
D:1:      minmay_arrival_shattered_statue, layout_basic, hex_intersection
D:2:      layout_basic, uniq_robin
D:3:      layout_rooms, lemuel_crystal_altar, lemuel_doored_altar,
          marbit_many_paths, hangedman_decor_growths, chequers_jeans,
          minmay_misc_feat_hallway
D:4:      layout_rooms, dk_noncrumbling_3
D:5:      layout_basic, regret_index_temple_of_mockery,
          grunt_temple_overflow_diamond, minmay_temple_entry_ruins,
          first_ration, minmay_misc_feat_plants, dk_noncrumbling_2,
          okawaru_altar_gauntlet_db, uniq_eustachio, uniq_grinder, uniq_menkaure
D:6:      layout_loops_ring, ebering_ghost_sewer_f, grunt_qazlal_sundering
D:7:      layout_cave_pools, amethyst_overflow_temple_binary
D:8:      layout_rooms, grunt_temple_overflow_open, chequers_decorated_corner,
          the_bakery, minmay_shop_damaged, lightli_corner_chamber
D:9:      layout_irregular_city, dpeg_oklobed_lair, uniq_erolcha
D:10:     layout_basic, orc_0_dummy
D:11:     layout_basic
Temple:   kb_corrupted_temple
Lair:1:   layout_gridlike
Lair:2:   layout_chaotic_city, minmay_snake_entry_six_corridors,
          lemuel_centaur_altar

Skill      XL: |  1  2  3  4  5  6  7  8  9 10 11 |
---------------+----------------------------------+-----
Unarmed Combat | 4 5 7 8 10 11 12 14 | 14.7
Fighting       | 3 4 5 6 7 8 9 |  9.4
Translocations | 1 3 4 |  4.3
Spellcasting   | 1 2 3 |  3.0
Dodging        | |  2.4
Stealth        | |  1.0

Action                   |  1- 3 |  4- 6 |  7- 9 | 10-12 || total
-------------------------+-------+-------+-------+-------++-------
Melee: Unarmed           |    89 |   208 |   322 |   341 ||   960
       Punch             |       |     5 |    14 |    24 ||    43
Throw: Stone             |       |       |     6 |       ||     6
Invok: Lunge             |       |       |    22 |    27 ||    49
       Whirlwind         |       |       |    20 |    20 ||    40
Evoke: Wand              |       |       |       |     6 ||     6
  Use: Scroll            |       |    13 |     8 |     8 ||    29
       Potion            |       |     1 |       |       ||     1
 Stab: Sleeping          |     1 |     1 |     1 |     3 ||     6
       Distracted        |       |       |       |     1 ||     1
  Eat: Chunk             |    16 |    16 |    27 |    43 ||   102
       Ration            |       |       |       |     2 ||     2
Armor: Robe              |    39 |    83 |    72 |    80 ||   274
Dodge: Dodged            |    54 |   123 |   123 |   123 ||   423

Table legend:
 A = Non-vault XP
 B = Vault XP
 C = Vault XP percentage of total XP
 D = Non-vault monster count
 E = Vault monster count
 F = Vault count percentage of total count
                 A         B        C        D         E       F
            +---------+---------+-------+---------+---------+-------
      Total |   20110 |    3776 |  15.8 |     287 |      46 |  13.8
            +---------+---------+-------+---------+---------+-------
        D:1 |      35 |      20 |  36.4 |      19 |      11 |  36.7
        D:2 |      74 |      17 |  18.7 |      15 |       2 |  11.8
        D:3 |     106 |       2 |   1.9 |      25 |       1 |   3.8
        D:4 |     372 |       0 |   0.0 |      31 |       0 |   0.0
        D:5 |    1017 |     662 |  39.4 |      32 |       9 |  22.0
        D:6 |    1224 |     718 |  37.0 |      34 |       6 |  15.0
        D:7 |     677 |       0 |   0.0 |      26 |       0 |   0.0
        D:8 |    1410 |     205 |  12.7 |      17 |       1 |   5.6
        D:9 |    1263 |    1012 |  44.5 |      16 |       1 |   5.9
       D:10 |    2774 |       0 |   0.0 |      29 |       0 |   0.0
       D:11 |    3508 |       0 |   0.0 |      16 |       0 |   0.0
     Lair:1 |    3038 |       0 |   0.0 |      14 |       0 |   0.0
     Lair:2 |    4612 |    1140 |  19.8 |      13 |      15 |  53.6
            +---------+---------+-------+---------+---------+-------
